 Dungeon Crawl Stone Soup version 0.24-a0-317-g5cb8de4 (webtiles) character file.

Game seed: 13649113367312639306

50843 Borgoz the Carver (level 14, -15/190 HPs)
             Began as a Hill Orc Gladiator on May 16, 2019.
             Was a Priest of Ashenzari.
             Demolished by Ereth's ghost (25 damage)
             ... on level 14 of the Dungeon.
             The game lasted 00:44:37 (21466 turns).

Borgoz the Carver (Hill Orc Gladiator)             Turns: 21466, Time: 00:44:38

Health: -15/190    AC: 27    Str: 18    XL:     14   Next: 57%
Magic:  2/20       EV:  2    Int:  8    God:    Ashenzari [***...]
Gold:   1011       SH:  0    Dex: 16    Spells: 13/13 levels left

rFire    . . .     SeeInvis +   a - +2 great sword (freeze)
rCold    + . .     Gourm    .   (shield currently unavailable)
rNeg     + + +     Faith    .   (armour currently unavailable)
rPois    +         Spirit   .   (helmet currently unavailable)
rElec    .         Reflect  .   (cloak currently unavailable)
rCorr    .         Harm     .   (gloves currently unavailable)
MR       ++...     NoTele   +   (boots currently unavailable)
Stlth    +++.......             e - amulet of rage
HPRegen  0.41/turn              m - ring of protection from magic
MPRegen  0.17/turn              O - ring of protection from cold

@: tree-form, berserk cooldown, slowed, very slow
A: no striking features
a: Curse Item, Scrying, Renounce Religion, Evoke Berserk Rage


You were on level 14 of the Dungeon.
You worshipped Ashenzari.
Ashenzari was most pleased with you.
You were not hungry.
You were a tree.
You visited 2 branches of the dungeon, and saw 16 of its levels.
You also visited: Sewer.

You collected 1011 gold pieces.

Inventory:

Hand Weapons
 a - a +2 great sword of freezing (weapon)
 b - a +1 short sword of speed
 d - a +3 great sword
 E - a cursed +3 short sword
 H - a +0 great sword of slicing
Armour
 c - a +0 helmet (melded)
 h - a +0 pair of boots (melded)
 n - a scarf of spirit shield (melded)
 p - a +1 ring mail of fire resistance
 q - a +0 plate armour (melded)
 C - the +3 troll leather armour "Ivoplape" {rElec rF+ MR- Regen+}
   (You found it on level 8 of the Dungeon)

   It protects you from fire.
   It insulates you from electricity.
   It affects your resistance to hostile enchantments.
   It increases your rate of regeneration.
 G - a +2 ring mail of cold resistance
 I - a +0 pair of gloves (melded)
 P - +0 acid dragon scales
Jewellery
 e - an amulet of rage (around neck)
 m - a ring of protection from magic (left branch)
 w - an uncursed ring of magical power
 J - an uncursed ring of positive energy
 M - an uncursed ring of flight
 N - an uncursed ring of poison resistance
 O - a ring of protection from cold (right branch)
Wands
 g - a wand of random effects (62)
 s - a wand of enslavement (9)
 y - a wand of iceblast (5)
 B - a wand of flame (13)
 F - a wand of paralysis (25)
Scrolls
 k - a scroll of fear
 o - 2 scrolls of amnesia
 r - 6 scrolls of remove curse
 u - 7 scrolls of teleportation
 v - 4 scrolls of enchant armour
 x - 2 scrolls of noise {unknown}
 A - 4 scrolls of magic mapping
 D - 3 scrolls of enchant weapon
 R - 3 scrolls of fog
Potions
 i - a potion of haste
 j - 4 potions of brilliance
 l - a potion of flight
 t - 2 potions of curing
 z - 3 potions of mutation
 L - 2 potions of agility
Comestibles
 f - 21 rations


   Skills:
 * Level 12.9 Fighting
 * Level 14.1 Long Blades
 - Level 1.7 Throwing
 * Level 11.8 Armour
 * Level 9.7 Dodging
 - Level 5.0 Stealth
 + Level 9.2 Evocations


You had 13 spell levels left.
You didn't know any spells.
Your spell library contained the following spells:

 Spells                   Type           Power        Failure   Level  Hunger
 Flame Tongue             Conj/Fire      #....        41%         1    ##.....
 Poisonous Vapours        Pois/Air       #.....       54%         2    ###....
 Throw Flame              Conj/Fire      #.....       54%         2    ###....
 Conjure Flame            Conj/Fire      #.......     78%         3    ####...
 Inner Flame              Hex/Fire       #.......     78%         3    ####...
 Mephitic Cloud           Conj/Pois/Air  #.......     78%         3    ####...
 Spider Form              Tmut/Pois      #.........   78%         3    ####...
 Sticky Flame             Conj/Fire      #.......     99%         4    #####..
 Alistair's Intoxication  Tmut/Pois      #.......     100%        5    ######.
 Fireball                 Conj/Fire      #.........   100%        5    ######.
 Irradiate                Conj/Tmut      #.........   100%        5    ######.
 Freezing Cloud           Conj/Ice/Air   #.........   100%        6    #######
 Statue Form              Tmut/Erth      #........    100%        6    #######
 Ring of Flames           Chrm/Fire      #.........   100%        7    #######


Dungeon Overview and Level Annotations

Branches:
Dungeon (15/15)            Temple (1/1) D:5            Lair (0/6) D:9
    Orc (0/2) D:9          Vaults (0/5) D:14         Depths (0/5) D:15

Altars:
Ashenzari
Cheibriados
Dithmenos
Elyvilon
Fedhas
Gozag
Hepliaklqana
Kikubaaqudgha
Makhleb
Nemelex Xobeh
Okawaru
Qazlal
Ru
Sif Muna
Uskayaw
Vehumet
Xom
Yredelemnul
Zin

Shops:
D:5 %

Portals:
Trove: D:12 (give +3 ice dragon scales)

Annotations:
D:14 Ereth's ghost, journeyman TrFi


Message History

Okay, then.
Evoke which item? (* to show all) (? for menu, Esc to quit)
Okay, then.
Okay, then.
You feel better. Ereth's ghost closely misses you.
Ereth's ghost says, "Very impressive.
But it won't help.
Nothing will."
Ereth's ghost hits you!!
* * * LOW HITPOINT WARNING * * *
It was a potion of lignification.
You turn into a tree.
Your scarf of spirit shield melds into your body.
Your +0 helmet melds into your body.
Your +0 pair of gloves melds into your body.
Your +0 pair of boots melds into your body.
Your +0 plate armour melds into your body.
You feel strangely alone.
Your roots penetrate the ground.
Ereth's ghost hits you but does no damage.
You closely miss Ereth's ghost.
Ereth's ghost is almost destroyed.
Ereth's ghost hits you!!
You die...

#.# #.....)........ #########.#
#..#########...
######.......#.#####.#.....#.#...
.....'........>.(.((.#(#.##.[#...
######.......##(....(')#...:##...
# #........#.###..'...#.[.#... #
#......>.#.#....'.....}##.##
###########'#.#.#'#(.#.##.#..#.#
...............W♣....#..#..#.#.#
###########.#.#......#########.#
#........#<(................#
#......###)#.#.#.....#.######
#......###.#'#.###.#<#.#
#..).(.#........##.#.#.#
####............##...#.#
#####........######.#
#####.#.........#


You could see Ereth's ghost.

Vanquished Creatures
  Roxanne (D:14)
  A minotaur (D:14)
  Snorg (D:10)
  A fire dragon (D:15)
  4 hydras
  A yaktaur captain (D:15)
  3 centaur warriors (D:15)
  3 death yaks
  4 two-headed ogres
  5 tengu warriors
  A skeletal warrior (D:12)
  An unseen horror (D:12)
  A deep elf mage (D:14)
  An orc knight (D:15)
  A wolf spider (D:15)
  2 necromancers
  5 cyclopes
  A manticore (D:14)
  11 ugly things
  10 centaur skeletons
  3 gargoyles
  A yaktaur (D:15)
  A freezing wraith (D:15)
  An efreet (D:15)
  4 tengu conjurers
  A komodo dragon (D:14)
  7 trolls
  3 meliai (D:14)
  A hornet (D:12)
  Prince Ribbit (D:7)
  4 hippogriffs
  3 slime creatures (D:9)
  4 flying skulls (D:12)
  A centaur simulacrum (D:14)
  4 shadows
  7 wraiths
  2 wyverns
  A steam dragon (D:12)
  8 vampire mosquitoes (D:15)
  12 yaks (D:11)
  An acid dragon (D:13)
  A soldier ant (D:12)
  2 porcupines (D:9)
  3 ice beasts
  2 black bears
  5 orc warriors
  2 phantoms
  A hornet zombie (D:8)
  An eye of draining (D:13)
  2 sky beasts
  2 necrophages
  5 ogres
  14 centaurs
  A crocodile (D:10)
  11 big kobolds
  Blork the orc (D:5)
  9 bullfrogs
  A wyvern zombie (D:12)
  3 wyvern skeletons
  2 scorpions
  6 killer bees (D:8)
  2 howler monkeys (D:8)
  11 wights
  9 crimson imps
  A bullfrog zombie (D:12)
  A quasit (D:15)
  5 centaur zombies
  3 hounds
  4 jellies
  Crazy Yiuf (D:3)
  8 orc priests
  19 orc wizards
  6 bullfrog skeletons
  5 iguanas
  Ijyb (D:5)
  A hell rat (D:9)
  7 worker ants
  A killer bee zombie (D:9)
  A hound zombie (D:11)
  A worker ant zombie (D:9)
  10 adders
  2 gnolls (D:3)
  5 river rats
  4 shadow imps
  3 oozes
  7 worms
  A dart slug (D:1)
  4 leopard geckos
  47 orcs
  A giant cockroach (D:4)
  4 goblins
  7 hobgoblins
  11 jackals
  7 quokkas
  4 ball pythons
  7 bats
  2 frilled lizards
  A jackal skeleton (D:4)
  57 kobolds
  A quokka skeleton (D:9)
  A quokka zombie (D:7)
  7 rats
482 creatures vanquished.

Vanquished Creatures (others)
  An orc wizard (D:11)
1 creature vanquished.

Grand Total: 483 creatures vanquished

Notes
Turn   | Place    | Note
-------+----------+-------------------------------------------
     0 | D:1      | Borgoz the Hill Orc Gladiator began the quest for the Orb.
     0 | D:1      | Reached XP level 1. HP: 18/18 MP: 1/1
   172 | D:1      | Reached XP level 2. HP: 9/25 MP: 2/2
   775 | D:1      | Reached XP level 3. HP: 24/30 MP: 3/3
   933 | D:2      | Reached skill level 1 in Armour
  1422 | D:2      | Found a white marble altar of Elyvilon.
  1444 | D:2      | Reached skill level 4 in Long Blades
  1702 | D:2      | Reached skill level 1 in Evocations
  1702 | D:2      | Reached XP level 4. HP: 34/37 MP: 4/4
  2133 | D:3      | Noticed a big kobold
  2135 | D:3      | Noticed a big kobold
  2136 | D:3      | Noticed a big kobold
  2136 | D:3      | Noticed a big kobold
  2138 | D:3      | Noticed a big kobold
  2139 | D:3      | Killed a big kobold
  2139 | D:3      | Reached XP level 5. HP: 45/45 MP: 4/6
  2141 | D:3      | Noticed a big kobold
  2147 | D:3      | Noticed a big kobold
  2343 | D:3      | Found a runed translucent door.
  2344 | D:3      | Noticed Crazy Yiuf
  2399 | D:3      | Killed a big kobold
  2399 | D:3      | Reached skill level 5 in Long Blades
  2399 | D:3      | Reached XP level 6. HP: 47/51 MP: 5/7
  2446 | D:3      | Found a burning altar of Makhleb.
  2679 | D:3      | Reached XP level 7. HP: 35/59 MP: 4/8
  3355 | D:3      | Killed Crazy Yiuf
  3607 | D:4      | Reached skill level 6 in Long Blades
  3631 | D:4      | Found a glowing drain.
  3637 | Sewer    | Entered a sewer
  4157 | Sewer    | Reached XP level 8. HP: 67/67 MP: 10/10
  4530 | D:4      | Found a sparkling altar of Nemelex Xobeh.
  4531 | D:4      | You fall through a shaft!
  4531 | D:5      | Entered Level 5 of the Dungeon
  4604 | D:5      | Found a shimmering altar of Xom.
  4647 | D:5      | Reached skill level 5 in Fighting
  4664 | D:5      | Found a staircase to the Ecumenical Temple.
  4680 | D:5      | Reached skill level 7 in Long Blades
  4684 | Temple   | Entered the Ecumenical Temple
  4709 | Temple   | Became a worshipper of Ashenzari the Shackled
  4942 | D:4      | Found a shadowy altar of Dithmenos.
  5363 | D:4      | Found a blossoming altar of Fedhas.
  5487 | D:5      | Found Zehi's Food Shop.
  5565 | D:5      | Found a glowing silver altar of Zin.
  5634 | D:5      | Found a radiant altar of Vehumet.
  5723 | D:5      | Noticed Blork the orc
  5740 | D:5      | Killed Blork the orc
  5762 | D:5      | Noticed Ijyb
  5774 | D:5      | Killed Ijyb
  5988 | D:6      | Reached XP level 9. HP: 75/75 MP: 12/12
  6012 | D:6      | Reached skill level 8 in Long Blades
  6172 | D:6      | Noticed a troll
  6174 | D:6      | Found an opulent altar of Gozag.
  6180 | D:6      | Killed a troll
  6180 | D:6      | Reached skill level 5 in Armour
  6547 | D:6      | Reached * piety under Ashenzari
  6780 | D:7      | Noticed Prince Ribbit
  6794 | D:7      | Killed Prince Ribbit
  6804 | D:7      | Reached skill level 5 in Dodging
  7345 | D:7      | Found a sacrificial altar of Ru.
  7457 | D:8      | Got the uncursed troll leather armour "Ivoplape" {rElec rF+
                  | MR- Regen+}
  7463 | D:8      | Reached skill level 9 in Long Blades
  7476 | D:8      | Reached skill level 5 in Evocations
  7544 | D:8      | Reached XP level 10. HP: 38/86 MP: 13/13
  8599 | D:9      | Noticed a death yak
  8601 | D:9      | Found a staircase to the Lair.
  8601 | D:9      | Noticed a death yak
  8601 | D:9      | Noticed a death yak
  8622 | D:8      | Killed a death yak
  8622 | D:8      | Reached skill level 10 in Long Blades
  8908 | D:9      | Identified the +3 troll leather armour "Ivoplape" {rElec
                  | rF+ MR- Regen+} (You found it on level 8 of the Dungeon)
  9005 | D:9      | HP: 3/88 [large slime creature (9)]
  9138 | D:9      | Noticed a two-headed ogre
  9144 | D:9      | Killed a two-headed ogre
  9263 | D:9      | Reached XP level 11. HP: 54/94 MP: 11/15
  9355 | D:9      | Found a staircase to the Orcish Mines.
  9385 | D:9      | Noticed a two-headed ogre
  9391 | D:9      | Killed a two-headed ogre
  9391 | D:9      | Reached skill level 11 in Long Blades
  9546 | D:9      | Killed a death yak
  9558 | D:9      | Killed a death yak
 10466 | D:10     | Entered Level 10 of the Dungeon
 10670 | D:10     | Reached ** piety under Ashenzari
 10754 | D:10     | Noticed Snorg
 10763 | D:10     | Killed Snorg
 11103 | D:11     | Noticed a red ugly thing
 11107 | D:11     | Killed a red ugly thing
 11107 | D:11     | Reached skill level 1 in Stealth
 11503 | D:11     | Noticed a green ugly thing
 11513 | D:11     | Killed a green ugly thing
 11702 | D:11     | Noticed a four-headed hydra
 11743 | D:11     | Killed a four-headed hydra
 11753 | D:11     | Reached skill level 12 in Long Blades
 11753 | D:11     | Reached XP level 12. HP: 105/105 MP: 15/17
 12111 | D:11     | Noticed a tengu warrior
 12117 | D:11     | Killed a tengu warrior
 12117 | D:11     | Reached skill level 10 in Fighting
 12437 | D:12     | Paralysed by a hornet for 2 turns
 13828 | D:12     | Reached *** piety under Ashenzari
 13851 | D:12     | Reached XP level 13. HP: 98/115 MP: 17/19
 13960 | D:12     | Found a portal to a secret trove of treasure.
 14018 | D:13     | Reached skill level 10 in Armour
 14200 | D:13     | Reached skill level 13 in Long Blades
 15494 | D:14     | Found a runed translucent gate.
 15494 | D:14     | Found a runed translucent gate.
 15535 | D:14     | Found a runed translucent gate.
 15554 | D:14     | Noticed Ereth's ghost (journeyman TrFi)
 15555 | D:14     | Noticed a minotaur
 15642 | D:14     | Found a gate to the Vaults.
 16347 | D:14     | Identified Roxanne's Disquisition on Transmigration
 16347 | D:14     | Noticed Roxanne
 16853 | D:14     | Killed Roxanne
 18054 | D:15     | Entered Level 15 of the Dungeon
 18074 | D:15     | Reached XP level 14. HP: 98/126 MP: 15/20
 19333 | D:15     | Found a staircase to the Depths.
 19949 | D:15     | Reached skill level 5 in Stealth
 20491 | D:15     | Reached skill level 14 in Long Blades
 21464 | D:14     | HP: 6/127 [Ereth's ghost (22)]
 21466 | D:14     | Demolished by Ereth's ghost

Levels and vault maps discovered:
D:1:      minmay_arrival_stair_chambers, layout_loops_cross,
          chequers_mini_garden, hangedman_feature_mirror,
          hangedman_abyss_or_decor_stabs, chequers_serial_rivers_marsh
D:2:      layout_loops_corners, elyvilon_altar_5, first_ration,
          minmay_misc_feat_doors
D:3:      minmay_goblin_kobold_castle, layout_basic, bloody_makhleb,
          uniq_crazy_yiuf_cottage
D:4:      layout_basic, chequers_temple_overflow_statue_of_worship,
          fedhas_altar_fruit_tree, gup_sewer_entry_bowl
D:5:      layout_loops_ring, kennysheep_mini_moat, vehumet_crystals,
          lemuel_round_altar, minmay_temple_entry_tees, serial_shops, shop,
          kennysheep_generic_room_4, uniq_ijyb, uniq_blork_the_orc
D:6:      layout_basic, grunt_gozag_breadcrumbs, nicolae_overflow_hidden_temple,
          minmay_misc_feat_tiny
D:7:      layout_cave_pools, nicolae_overflow_crystal_walls, uniq_prince_ribbit1
D:8:      layout_loops_ring
D:9:      layout_layer_cave, dpeg_lair_monsters
D:10:     layout_basic, lemuel_statue_altar, uniq_snorg
D:11:     layout_long_grid, serial_glass, glass_columns_b, glass_columns_a
D:12:     hangedman_screamer, layout_basic, nicolae_trove_entry_diagonal
D:13:     layout_roguey, grunt_tengu_nest
D:14:     layout_basic, david_vaults_1, maelrawn_ghost_gauntlet_escape,
          uniq_roxanne
D:15:     grunt_enter_depths_snipers, layout_stronghold,
          chequers_serial_rivers_small_3
Temple:   eino_wide_crystal_templ

Skill      XL: |  1  2  3  4  5  6  7  8  9 10 11 12 13 14 |
---------------+-------------------------------------------+-----
Armour         | 1 2 3 4 5 7 8 9 11 | 11.8
Long Blades    | 4 5 6 7 9 10 12 13 14 | 14.1
Evocations     | 1 2 3 4 5 6 7 8 9 |  9.2
Fighting       | 3 4 5 7 8 9 10 12 | 12.9
Dodging        | 3 4 5 6 7 8 9 |  9.7
Stealth        | 1 3 4 5 |  5.0
Throwing       | |  1.7

Action                   |  1- 3 |  4- 6 |  7- 9 | 10-12 | 13-15 || total
-------------------------+-------+-------+-------+-------+-------++-------
Melee: Long sword        |    87 |   152 |   470 |       |       ||   709
       Great sword       |       |       |    96 |   537 |   512 ||  1145
       Short sword       |       |       |       |       |    50 ||    50
Throw: Throwing net      |       |       |     1 |     4 |     2 ||     7
 Abil: Evoke Berserk Rag |       |     2 |     1 |     5 |    10 ||    18
Evoke: Wand              |       |     1 |       |    14 |     9 ||    24
  Use: Scroll            |       |     3 |    10 |     3 |     7 ||    23
       Potion            |       |       |       |     7 |     9 ||    16
 Stab: Sleeping          |     1 |       |       |       |     2 ||     3
       Held in net/web   |       |       |     1 |     2 |     1 ||     4
       Paralysed         |       |       |       |     4 |    10 ||    14
       Confused          |       |       |       |       |     1 ||     1
  Eat: Chunk             |     3 |     4 |    16 |    22 |    22 ||    67
       Ration            |       |       |     1 |     1 |     4 ||     6
Armor: Leather armour    |    27 |       |       |       |       ||    27
       Scale mail        |    14 |    80 |   181 |       |       ||   275
       Ring mail         |       |       |    35 |    51 |    56 ||   142
       Troll leather arm |       |       |       |    12 |       ||    12
       Plate armour      |       |       |       |   254 |   279 ||   533
       Skin              |       |       |       |       |     1 ||     1
Dodge: Dodged            |    69 |   159 |   363 |   272 |   380 ||  1243
       Rpst.: Long sword |    24 |    49 |    87 |       |       ||   160
       Great sword       |       |       |    27 |    86 |    86 ||   199

Table legend:
 A = Non-vault XP
 B = Vault XP
 C = Vault XP percentage of total XP
 D = Non-vault monster count
 E = Vault monster count
 F = Vault count percentage of total count
                 A         B        C        D         E       F
            +---------+---------+-------+---------+---------+-------
      Total |   49585 |   23048 |  31.7 |     339 |     143 |  29.7
            +---------+---------+-------+---------+---------+-------
        D:1 |      34 |       0 |   0.0 |      17 |       0 |   0.0
        D:2 |      54 |       0 |   0.0 |      11 |       0 |   0.0
        D:3 |      40 |     721 |  94.7 |      14 |      50 |  78.1
        D:4 |     188 |      35 |  15.7 |      16 |       4 |  20.0
        D:5 |     544 |     135 |  19.9 |      16 |       2 |  11.1
        D:6 |    1058 |       0 |   0.0 |      19 |       0 |   0.0
        D:7 |     156 |     268 |  63.2 |       8 |       1 |  11.1
        D:8 |    1760 |     868 |  33.0 |      29 |       1 |   3.3
        D:9 |    4137 |    2071 |  33.4 |      31 |      10 |  24.4
       D:10 |     555 |    1157 |  67.6 |       9 |       1 |  10.0
       D:11 |    7778 |       0 |   0.0 |      40 |       0 |   0.0
       D:12 |    3310 |    7250 |  68.7 |      28 |      31 |  52.5
       D:13 |    7378 |     830 |  10.1 |      29 |       1 |   3.3
       D:14 |    8453 |    6948 |  45.1 |      30 |      11 |  26.8
       D:15 |   14140 |    2279 |  13.9 |      42 |       3 |   6.7
      Sewer |       0 |     486 | 100.0 |       0 |      28 | 100.0
            +---------+---------+-------+---------+---------+-------
